 Dungeon Crawl Stone Soup version 0.30-a0-845-g7c6808c8ce (webtiles) character file.

Game seed: 6141130125691439343

196 retardedninja the Shield-Bearer (level 5, -4/47 HPs)
             Began as a Gnoll Fighter on Mar 2, 2023.
             Killed by divine providence
             ... invoked by an orc priest
              (10 damage)
             ... on level 2 of the Dungeon.
             The game lasted 00:02:33 (2387 turns).

retardedninja the Shield-Bearer (Gnoll Fighter)     Turns: 2387, Time: 00:02:33

Health: -4/47      AC: 10    Str: 17    XL:     5   Next: 74%
Magic:  7/7        EV:  7    Int:  8    God:
Gold:   133        SH:  5    Dex: 11    Spells: 7/7 levels left

rFire   . . .      SeeInvis .    a - +0 flail
rCold   . . .      Faith    .    c - +0 buckler
rNeg    . . .      Spirit   .    f - +0 chain mail
rPois   .          Reflect  .    (no helmet)
rElec   .          Rampage  .    (no cloak)
rCorr   .                        (no gloves)
Will    .....                    (no boots) Stlth
                                 (no amulet)
HPRegen 0.27/turn                (no ring)
MPRegen 0.10/turn                (no ring)

@: no status effects
A: fangs 1, strong nose, distributed training
a: no special abilities


You were on level 2 of the Dungeon.
You visited 1 branch of the dungeon, and saw 3 of its levels.

You collected 133 gold pieces.

Inventory:

Hand Weapons
 a - a +0 flail (weapon)
Armour
 c - a +0 buckler (worn)
 f - a +0 chain mail (worn)
Scrolls
 e - a scroll of blinking {unknown}
 g - 2 scrolls of brand weapon {unknown}
 i - 2 scrolls of teleportation {unknown}
 k - a scroll of identify {unknown}
 l - a scroll of enchant weapon {unknown}
Potions
 b - 2 potions of lignification {unknown}
 d - 2 potions of invisibility {unknown}
 h - 3 potions of curing {unknown}
 j - 3 potions of brilliance {unknown}


   Skills:
 + Level 6.7 Fighting
 + Level 1.7 Short Blades
 + Level 1.7 Long Blades
 + Level 1.7 Axes
 + Level 4.9 Maces & Flails
 + Level 1.7 Polearms
 + Level 1.7 Staves
 + Level 1.7 Ranged Weapons
 + Level 1.7 Throwing
 + Level 6.7 Armour
 + Level 1.7 Dodging
 + Level 1.7 Stealth
 + Level 6.7 Shields
 + Level 1.7 Unarmed Combat
 + Level 1.7 Spellcasting
 + Level 1.3 Conjurations
 + Level 1.3 Hexes
 + Level 1.3 Summonings
 + Level 1.3 Necromancy
 + Level 1.3 Translocations
 + Level 1.3 Transmutations
 + Level 1.3 Fire Magic
 + Level 1.3 Ice Magic
 + Level 1.3 Air Magic
 + Level 1.3 Earth Magic
 + Level 1.3 Poison Magic
 + Level 1.9 Invocations
 + Level 1.7 Evocations


You had 7 spell levels left.
You didn't know any spells.
Your spell library was empty.

Dungeon Overview and Level Annotations

Branches:
Dungeon (3/15)

Altars:

Shops:
D:2 =


Innate Abilities, Weirdness & Mutations

You have very sharp teeth.
Your uncanny sense of smell can sniff out nearby items.
Your experience applies equally to all skills.


Message History

There is a stone staircase leading up here.
The orc priest barely misses you. You block the orc's attack.
You climb upwards.
There is a stone staircase leading down here.
You sock the orc priest!
The orc priest is severely wounded.
You block the orc's attack.
The orc priest hits you with a +0 flail!
The orc hits you but does no damage.
The orc priest hits you with a +0 flail.
You barely miss the orc priest.
The orc priest is heavily wounded.
You block the orc's attack.
The orc priest calls down the wrath of Beogh upon you.
Pain shoots through your body!
* * * LOW HITPOINT WARNING * * *
You closely miss the orc priest.
The orc priest is heavily wounded.
You block the orc's attack.
The orc priest hits you with a +0 flail.
* * * LOW HITPOINT WARNING * * *
You closely miss the orc priest.
The orc priest is heavily wounded.
The orc hits you but does no damage.
The orc priest hits you but does no damage.
You barely miss the orc priest.
The orc priest is heavily wounded.
The orc barely misses you. You block the orc priest's attack.
You hit the orc priest.
The orc priest is severely wounded.
The orc hits you with a +0 dagger.
* * * LOW HITPOINT WARNING * * *
The orc priest hits you but does no damage.
The orc hits you but does no damage. The orc priest barely misses you.
You hit the orc priest.
The orc priest is almost dead.
The orc closely misses you.
The orc priest mumbles some strange prayers to Beogh against you.
Beogh smites you!
You die...

#.....# #.# #.#
#.....# #.# #.#
#.....# #.# #.#
#.....# #.# #.#
#.....###.######.#
#.............##.#
####..........##.#
#..........##o#
#..........##@#
#..........##o#
#..........##.#
######.######.#
#........#
##########


You could see an orc priest and an orc.

Vanquished Creatures
  An iguana (D:2)
  An orc wizard (D:3)
  Natasha (thrice) (D:2)
  An adder (D:2)
  3 worms (D:2)
  A dart slug (D:1)
  4 orcs
  4 endoplasms
  A giant cockroach (D:1)
  5 goblins
  3 hobgoblins (D:2)
  4 quokkas
  5 ball pythons
  2 bats
  4 frilled lizards
  6 kobolds
  4 rats
52 creatures vanquished.

Notes
Turn   | Place    | Note
-------+----------+-------------------------------------------
     0 | D:1      | retardedninja the Gnoll Fighter began the quest for the
                  | Orb.
     0 | D:1      | Reached XP level 1. HP: 23/23 MP: 1/1
   294 | D:1      | Reached XP level 2. HP: 29/29 MP: 2/2
   481 | D:1      | Reached XP level 3. HP: 35/35 MP: 3/3
   563 | D:2      | Found Facool's Jewellery Shop.
   695 | D:2      | Reached skill level 1 in Invocations
  1030 | D:2      | Noticed Natasha
  1039 | D:2      | Killed Natasha
  1040 | D:2      | Reached skill level 1 in Short Blades
  1040 | D:2      | Reached skill level 1 in Long Blades
  1040 | D:2      | Reached skill level 1 in Axes
  1040 | D:2      | Reached skill level 1 in Polearms
  1040 | D:2      | Reached skill level 1 in Staves
  1040 | D:2      | Reached skill level 1 in Ranged Weapons
  1040 | D:2      | Reached skill level 1 in Throwing
  1040 | D:2      | Reached skill level 1 in Dodging
  1040 | D:2      | Reached skill level 1 in Stealth
  1040 | D:2      | Reached skill level 1 in Unarmed Combat
  1040 | D:2      | Reached skill level 1 in Spellcasting
  1040 | D:2      | Reached skill level 1 in Evocations
  1040 | D:2      | Reached XP level 4. HP: 32/41 MP: 5/5
  1417 | D:2      | Reached skill level 1 in Conjurations
  1417 | D:2      | Reached skill level 1 in Hexes
  1417 | D:2      | Reached skill level 1 in Summonings
  1417 | D:2      | Reached skill level 1 in Necromancy
  1417 | D:2      | Reached skill level 1 in Translocations
  1417 | D:2      | Reached skill level 1 in Transmutations
  1417 | D:2      | Reached skill level 1 in Fire Magic
  1417 | D:2      | Reached skill level 1 in Ice Magic
  1417 | D:2      | Reached skill level 1 in Air Magic
  1417 | D:2      | Reached skill level 1 in Earth Magic
  1417 | D:2      | Reached skill level 1 in Poison Magic
  1591 | D:2      | Noticed Natasha
  1606 | D:2      | Killed Natasha
  1837 | D:2      | Noticed Natasha
  1843 | D:2      | Killed Natasha
  1844 | D:2      | Reached XP level 5. HP: 44/47 MP: 5/7
  2387 | D:2      | Killed from afar by an orc priest

Illustrated notes

Levels and vault maps discovered:
D:1:      minmay_arrival_shoal_huts, layout_rooms, minmay_cut_off
D:2:      layout_basic, serial_shops, shop, uniq_natasha
D:3:      layout_rooms, minmay_misc_feat_chi

Skill      XL: |  1  2  3  4 |
---------------+-------------+-----
Invocations    | 1 |  1.9
Short Blades   | 1 |  1.7
Long Blades    | 1 |  1.7
Axes           | 1 |  1.7
Polearms       | 1 |  1.7
Staves         | 1 |  1.7
Ranged Weapons | 1 |  1.7
Throwing       | 1 |  1.7
Dodging        | 1 |  1.7
Stealth        | 1 |  1.7
Unarmed Combat | 1 |  1.7
Spellcasting   | 1 |  1.7
Evocations     | 1 |  1.7
Conjurations   | 1 |  1.3
Hexes          | 1 |  1.3
Summonings     | 1 |  1.3
Necromancy     | 1 |  1.3
Translocations | 1 |  1.3
Transmutations | 1 |  1.3
Fire Magic     | 1 |  1.3
Ice Magic      | 1 |  1.3
Air Magic      | 1 |  1.3
Earth Magic    | 1 |  1.3
Poison Magic   | 1 |  1.3
Fighting       | |  6.7
Maces & Flails | |  4.9
Armour         | |  6.7
Shields        | |  6.7

Action                     |  1- 3 |  4- 6 || total
---------------------------+-------+-------++-------
  Melee: Flail             |   103 |    80 ||   183
         Bite              |     8 |     5 ||    13
    Use: Potion            |       |     1 ||     1
 Armour: Scale mail        |    14 |       ||    14
         Chain mail        |    40 |    80 ||   120
  Dodge: Dodged            |    29 |    51 ||    80
  Block: Buckler           |    26 |    40 ||    66

Table legend: (Time is in decaauts)
 A = Elapsed time spent in this place.
 B = Non-inter-level travel time spent in this place.
 C = Inter-level travel time spent in this place.
 D = Time resting spent in this place.
 E = Time spent auto-exploring this place.
 F = Levels seen in this place.
 G = Mean time per level.
                   A        B        C        D        E       F      G
               +--------+--------+--------+--------+--------+-----+--------+
         Total |   2436 |   2369 |     67 |    696 |   1226 |   3 |  812.0 |
       Dungeon |   2436 |   2369 |     67 |    696 |   1226 |   3 |  812.0 |
               +--------+--------+--------+--------+--------+-----+--------+

Top non-repeatable levels by time:
     D:2: 1780 daAuts
     D:1: 559 daAuts
     D:3: 96 daAuts
